Cogmind - Beta 9.4 @@@ ROGUE MODE // 2020.02.08 @ 16:14:14 Player: 3.14 Result: Self-destructed Performance ------------- Evolutions (6) 3000 Regions Visited (23) 4600 Robots Destroyed (210) 1050 Value Destroyed (8600) 8600 Prototype IDs (41) 820 Alien Tech Used (3) 600 Bonus (2454) 2454 TOTAL SCORE: 21124 Bonus ------- High Alert Combat Kills 436 Follower Combat Kills 1103 Met Data Miner 300 Met Zhirov 300 Met Warlord at Base 500 MAIN.C Attacked Warlord 500 Built Enhanced Grunts 300 Met R17 at Cetus 500 Friendly Fire -1485 Cogmind --------- Core Integrity 821/1150 Matter 54/300 Energy 190/190 System Corruption 8% Temperature Cool (0) Movement Immobile (Siege) Location -4/Warlord Parts ------- > --- POWER (1) -------- Light Quantum Reactor > --- PROPULSION (4) --- Heavy Treads Heavy Treads > --- UTILITY (8) ------ Advanced Cooling System High-capacity Storage Unit High-capacity Storage Unit Advanced Targeting Computer Improved Target Analyzer Core Analyzer Centrium Medium Armor Plating > --- WEAPON (6) ------- Vortex Rifle KE Penetrator Improved KE Penetrator > --- INVENTORY (20) --- Micro Fission Core Improved Treads Improved Treads Centrium Heavy Treads Advanced Heat Sink High-capacity Matter Pod (200) Recoil Stabilizer Improved Medium Armor Plating Improved Medium Armor Plating Centrium Medium Armor Plating Experimental Focal Shield Improved System Restoration Module Long-range Tractor Beam HERF Cannon Heavy Rocket Launcher Kinetic Spear Peak State ------------ > --- POWER ------------ Quantum Reactor > --- PROPULSION ------- Centrium Heavy Treads Centrium Heavy Treads > --- UTILITY ---------- Advanced Heat Sink High-capacity Storage Unit High-capacity Storage Unit Advanced Targeting Computer Improved Target Analyzer Core Analyzer Centrium Medium Armor Plating Centrium Medium Armor Plating > --- WEAPON ----------- KE Penetrator KE Penetrator KE Penetrator KE Penetrator Improved KE Penetrator Improved KE Penetrator > --- INVENTORY -------- Light Quantum Reactor Improved Treads Heavy Treads Heavy Treads Advanced Cooling System High-capacity Matter Pod Long-range Sensor Array Centrium Medium Armor Plating Centrium Medium Armor Plating Improved System Restoration Module Long-range Tractor Beam Dimensional Node Initializer Transdimensional Reconstructor HERF Cannon KE Penetrator Improved KE Penetrator Heavy Rocket Launcher Kinetic Spear [Rating: 135] Favorites ----------- Power Micro Nuclear Core Engine Ion Engine Power Core Micro Nuclear Core Reactor Quantum Reactor Propulsion Advanced Treads Treads Advanced Treads Leg Carbon-fiber Leg Utility High-capacity Storage Unit Device Long-range Sensor Array Storage High-capacity Storage Unit Processor Core Analyzer Protection Centrium Medium Armor Plating Weapon Improved KE Penetrator Energy Gun Vortex Rifle Energy Cannon Improved EM Pulse Cannon Ballistic Gun Improved KE Penetrator Launcher Grenade Launcher Slashing Weapon Scythe Piercing Weapon Kinetic Spear Build | -11 -10 -10 -9 -8 -7 -7 -7 -7 -6 -6 -6 -6 -6 -6 -5 -5 -5 -5 -4 -4 -4 -4 -4 ------- Run | Scr Mat Min Mat Mat Fac Low Low Dat Pro Fac Ext Cet Arc Hub Fac Upp Upp Zhi Pro Fac Upp Upp War Slots Evolved 12 | . . . 2 2 2 . . . . 2 . . . . 2 . . . . 2 . . . Power . | . . . . . . . . . . . . . . . . . . . . . . . . Propulsion 2 | . . . . 1 1 . . . . . . . . . . . . . . . . . . Utility 6 | . . . . 1 1 . . . . 2 . . . . 1 . . . . 1 . . . Weapon 4 | . . . 2 . . . . . . . . . . . 1 . . . . 1 . . . Parts Attached 232 | 7 5 4 10 13 32 10 11 . 12 12 30 12 . . 2 6 4 11 8 26 2 3 12 Power 14 | 1 1 . 1 1 1 . . . 1 2 1 1 . . . . . 2 . 2 . . . Engine 3 | 1 1 . 1 . . . . . . . . . . . . . . . . . . . . Core 5 | . . . . 1 1 . . . 1 2 . . . . . . . . . . . . . Reactor 6 | . . . . . . . . . . . 1 1 . . . . . 2 . 2 . . . Propulsion 39 | 2 1 1 2 4 9 . . . 2 . 10 2 . . . . . . . 4 . . 2 Treads 33 | 2 1 1 2 4 9 . . . 2 . 4 2 . . . . . . . 4 . . 2 Leg 6 | . . . . . . . . . . . 6 . . . . . . . . . . . . Wheel . | . . . . . . . . . . . . . . . . . . . . . . . . Hover . | . . . . . . . . . . . . . . . . . . . . . . . . Flight . | . . . . . . . . . . . . . . . . . . . . . . . . Utility 96 | 2 2 . . 6 12 6 6 . 4 6 8 3 . . 1 4 4 6 7 9 2 1 7 Device 45 | . . . . 2 3 3 4 . 2 1 4 . . . 1 4 3 3 6 3 1 1 4 Storage 9 | 2 2 . . 2 2 . . . . . . . . . . . . 1 . . . . . Processor 6 | . . . . . 2 . . . . 2 . . . . . . 1 . . 1 . . . Hackware . | . . . . . . . . . . . . . . . . . . . . . . . . Protection 36 | . . . . 2 5 3 2 . 2 3 4 3 . . . . . 2 1 5 1 . 3 Artifact . | . . . . . . . . . . . . . . . . . . . . . . . . Weapon 83 | 2 1 3 7 2 10 4 5 . 5 4 11 6 . . 1 2 . 3 1 11 . 2 3 Energy Gun 4 | 1 . . . . . . . . . 1 . . . . . . . . . . . . 2 Energy Cannon 2 | . . . . . . 1 1 . . . . . . . . . . . . . . . . Ballistic Gun 66 | 1 1 2 7 2 10 2 2 . 4 3 9 6 . . 1 1 . 2 1 10 . 1 1 Ballistic Cannon . | . . . . . . . . . . . . . . . . . . . . . . . . Launcher 6 | . . 1 . . . . 1 . 1 . 1 . . . . . . . . 1 . 1 . Special Weapon . | . . . . . . . . . . . . . . . . . . . . . . . . Impact Weapon . | . . . . . . . . . . . . . . . . . . . . . . . . Slashing Weapon 3 | . . . . . . 1 1 . . . 1 . . . . . . . . . . . . Piercing Weapon 2 | . . . . . . . . . . . . . . . . 1 . 1 . . . . . Special Melee Weapon . | . . . . . . . . . . . . . . . . . . . . . . . . Unidentified Prototypes 15 | . . . 1 . 1 . . . . 2 . 3 . . . . . 4 . . . . 4 Parts Lost 15 | . . 2 1 . 1 . . . 4 1 1 . . . . . . . . 2 . . 3 Power 2 | . . . . . . . . . 1 . . . . . . . . . . 1 . . . Propulsion 4 | . . 1 . . . . . . 2 1 . . . . . . . . . . . . . Utility 2 | . . . . . 1 . . . . . . . . . . . . . . 1 . . . Weapon 7 | . . 1 1 . . . . . 1 . 1 . . . . . . . . . . . 3 Highest Loss Streak 3 | . . 2 1 . 1 . . . 2 1 1 . . . . . . . . 1 . . 3 Average Slot Usage (%) 95 | . 100 100 94 100 99 100 100 100 98 96 98 88 86 86 88 88 88 87 88 88 94 94 93 Engine 1 | . 14 14 11 . . . . . . . . . . . . . . . . . . . . Core 3 | . . . . 8 7 7 7 7 6 6 4 . . . . . . . . . . . . Reactor 2 | . . . . . . . . . . . 1 6 6 6 5 5 5 4 5 4 5 5 5 Treads 19 | . 28 28 22 27 29 30 30 30 29 22 8 15 13 13 11 11 11 11 11 11 15 15 14 Leg 2 | . . . . . . . . . . . 16 . . . . . . . . . . . . Device 3 | . . . . . 2 4 6 7 6 . 3 . . . 5 5 5 6 5 6 8 9 10 Storage 14 | . 28 28 22 18 15 15 15 15 15 13 13 13 13 13 11 11 11 11 11 10 10 10 10 Processor 11 | . . . . . 5 7 7 7 7 20 20 20 20 20 17 17 17 17 17 15 15 15 15 Protection 3 | . . . . 8 5 2 . . . 5 2 6 6 6 5 5 5 3 5 6 6 5 4 Ballistic Gun 27 | . 26 22 38 36 29 24 19 15 23 26 25 26 26 26 29 28 29 27 29 30 31 31 25 Naked Turns . | . . . . . . . . . . . . . . . . . . . . . . . . Heaviest Build 131 | 16 25 26 26 52 94 109 97 89 95 96 110 125 115 115 121 122 122 122 121 131 125 125 127 Greatest Support 160 | 40 40 40 40 64 94 92 92 92 92 82 110 160 160 160 160 160 160 160 160 160 126 126 140 Greatest Overweight (x) 3 | . . . . . 1 1 1 . 1 1 3 . . . . . . . . 1 . . . Average Overweight (x) . | . . . . . . . . . . 1 . . . . . . . . . . . . . Largest Inventory Capacity 20 | 8 12 12 12 16 20 20 20 20 20 20 20 20 20 20 20 20 20 20 20 20 20 20 20 Average Capacity 18 | 5 9 12 12 12 19 20 20 20 20 20 20 20 20 20 20 20 20 20 20 20 20 20 20 Most Carried 20 | 4 11 12 12 13 20 20 20 20 20 20 20 20 20 20 20 20 20 20 20 20 20 20 20 Average Carried 17 | 2 7 11 11 11 18 19 20 20 19 18 19 19 19 20 18 20 20 19 20 18 20 20 19 Final Capacity 20 | 8 12 12 12 16 20 20 20 20 20 20 20 20 20 20 20 20 20 20 20 20 20 20 20 Final Carried 20 | 4 11 11 12 13 20 20 20 20 19 20 20 20 20 20 20 20 20 20 20 20 20 20 17 Class Distribution -------------------- 39% | Scavenger-Gunner 17% | Scavenger-Executioner 13% | Hauler-Gunner 10% | Mutant 7% | Hauler-Mutant 5% | Hauler-Tank 4% | Scavenger-Tank Dominant Class ---------------- Mutant | -10/Materials Mutant | -10/Mines Scavenger-Gunner | -9/Materials Scavenger-Tank | -8/Materials Hauler-Tank | -7/Factory Hauler-Mutant | -7/Lower Caves Hauler-Gunner | -7/Lower Caves Hauler-Mutant | -7/Data Miner Hauler-Gunner | -6/Proximity Caves Scavenger-Gunner | -6/Factory Scavenger-Gunner | -6/Extension Scavenger-Gunner | -6/Cetus Scavenger-Gunner | -6/Archives Scavenger-Gunner | -6/Hub_04(d) Scavenger-Gunner | -5/Factory Scavenger-Gunner | -5/Upper Caves Scavenger-Gunner | -5/Upper Caves Scavenger-Gunner | -5/Zhirov Scavenger-Gunner | -4/Proximity Caves Scavenger-Executioner | -4/Factory Scavenger-Executioner | -4/Upper Caves Scavenger-Executioner | -4/Upper Caves Scavenger-Executioner | -4/Warlord Resources | -11 -10 -10 -9 -8 -7 -7 -7 -7 -6 -6 -6 -6 -6 -6 -5 -5 -5 -5 -4 -4 -4 -4 -4 ----------- Run | Scr Mat Min Mat Mat Fac Low Low Dat Pro Fac Ext Cet Arc Hub Fac Upp Upp Zhi Pro Fac Upp Upp War Matter Collected 7297 | 276 215 100 236 584 922 200 214 . 364 328 1003 436 32 . 232 160 80 110 490 1129 160 26 . Remotely 772 | . . . . . . . 172 . . . 245 . . . . . . . 240 115 . . . Salvage Created 10654 | 52 477 39 417 958 1105 224 126 . 486 354 1406 502 78 106 574 286 104 116 829 2119 253 43 . Parts 514 | 1 35 . 23 57 67 10 5 . 25 17 49 30 4 4 17 10 8 3 46 87 12 4 . Haulers Intercepted 8 | . 1 . 1 1 2 . . . . 1 . . . . 2 . . . . . . . . Recyclers Shooed 11 | . . . . 1 . . . . . 1 7 . . . 1 . . . . 1 . . . Parts Field Recycled . | . . . . . . . . . . . . . . . . . . . . . . . . Retrieved Matter . | . . . . . . . . . . . . . . . . . . . . . . . . Parts Self-Destructed 154 | . . . . . . 9 2 . 28 . . . . . . 10 7 3 46 . 19 1 29 Prevented 26 | . . . . . . 4 . . . . . . . . . . . . . . . . 22 Kills | -11 -10 -10 -9 -8 -7 -7 -7 -7 -6 -6 -6 -6 -6 -6 -5 -5 -5 -5 -4 -4 -4 -4 -4 ------- Run | Scr Mat Min Mat Mat Fac Low Low Dat Pro Fac Ext Cet Arc Hub Fac Upp Upp Zhi Pro Fac Upp Upp War Combat Hostiles Destroyed 167 | . 12 3 7 15 20 4 4 . 11 7 15 8 1 3 3 4 2 . 17 24 3 4 . Guns 148 | . 12 2 7 15 20 2 2 . 8 7 12 8 1 3 3 4 2 . 17 20 3 . . Cannons 2 | . . . . . . 2 . . . . . . . . . . . . . . . . . AOE 17 | . . 1 . . . . 2 . 3 . 3 . . . . . . . . 4 . 4 . Classes Destroyed 18 | 1 3 2 3 2 2 1 1 . . . 1 1 . . . . . . . . 1 . . Worker 4 | . . . . 1 . . . . . . . . . 1 . . . . . 2 . . . Builder 7 | . . . 1 2 1 . . . . . 1 . . . . . . . . 2 . . . Tunneler 2 | . . . 1 . . . . . . . . . . . 1 . . . . . . . . Hauler 8 | . 1 . 1 1 2 . . . . 1 . . . . 2 . . . . . . . . Recycler 13 | 1 1 . . 2 . . . . . 1 3 . . . 1 . . . . 4 . . . Operator 2 | . . . . . . . . . . . 1 . . . . . . . . 1 . . . Watcher 5 | . . . . . 2 . . . . . 1 2 . . . . . . . . . . . Swarmer 49 | . 6 . . 3 6 . . . 4 7 . 2 . 3 . . . . 9 5 . 4 . Grunt 65 | . 6 1 6 8 6 2 3 . 7 . 11 . . . 1 2 . . 4 6 2 . . Brawler 3 | . . . . 1 . 1 . . . . . . . . . 1 . . . . . . . Duelist 1 | . . . . . . . . . . . . 1 . . . . . . . . . . . Sentry 21 | . . . 1 3 6 . . . . . 2 . 1 . 2 1 . . 1 4 . . . Demolisher 1 | . . 1 . . . . . . . . . . . . . . . . . . . . . Hunter 7 | . . . . . . 1 . . . . . . . . . . . . 2 4 . . . Programmer 11 | . . . . . 2 . . . . . 1 . . . . . 2 . 1 5 . . . Behemoth 1 | . . . . . . . . . . . . . . . . . . . . . 1 . . Cetus Guard 5 | . . . . . . . . . . . . 5 . . . . . . . . . . . Thief 1 | . . . . . . . 1 . . . . . . . . . . . . . . . . Assembled 1 | . . 1 . . . . . . . . . . . . . . . . . . . . . Thug 1 | . . . . . . . . . . . 1 . . . . . . . . . . . . Savage 1 | . . . . . . . . . . . 1 . . . . . . . . . . . . Guerrilla 1 | . . . . . . . . . . . 1 . . . . . . . . . . . . Best Kill Streak 10 | 1 6 1 3 6 3 1 3 . 4 4 10 4 1 4 5 3 2 . 8 9 2 4 . Combat Bots Only 9 | . 5 1 2 5 3 1 3 . 4 4 9 3 1 3 1 3 2 . 8 5 2 4 . Max Kills in Single Turn 4 | 1 2 1 1 2 2 1 2 . 3 2 3 1 1 2 2 2 1 . 4 3 1 3 . Gunslinging 3 | . 1 . . 1 . . . . 1 1 . . . . . 1 . . 3 1 . . . Exploded 3 | . . 1 . . . . 2 . 3 . 2 . . . . . . . . 3 . 3 . Melee . | . . . . . . . . . . . . . . . . . . . . . . . . Uniques/NPCs Destroyed . | . . . . . . . . . . . . . . . . . . . . . . . . Combat | -11 -10 -10 -9 -8 -7 -7 -7 -7 -6 -6 -6 -6 -6 -6 -5 -5 -5 -5 -4 -4 -4 -4 -4 -------- Run | Scr Mat Min Mat Mat Fac Low Low Dat Pro Fac Ext Cet Arc Hub Fac Upp Upp Zhi Pro Fac Upp Upp War Damage Taken 10206 | . 358 206 199 600 1255 95 199 . 1129 527 636 197 . 104 165 167 80 . 736 1300 228 124 1901 Core 788 | . 80 23 13 54 93 . . . 86 65 62 6 . . 23 27 . . 12 100 . . 144 Absorbed by Shields 265 | . . . . . . . . . . . 188 77 . . . . . . . . . . . Reduced by Siege Mode 332 | . . . . . . . . . . . . . . . . . . . . 24 10 . 298 Core Remaining (%) 85 | 100 . 58 96 90 . . . . 74 . . . . 84 . . . . 93 . . . . Volleys Fired 337 | 2 28 11 20 39 42 11 7 . 17 13 38 18 2 2 9 5 2 . 20 38 5 3 5 Largest 6 | 2 2 2 4 4 4 4 4 . 4 4 4 4 4 4 5 5 5 . 5 6 6 6 6 Hottest 214 | 60 40 40 83 89 112 112 153 . 114 114 107 128 140 140 173 173 173 . 171 204 200 200 214 Shots Fired 1325 | 4 56 20 78 156 168 20 19 . 63 52 145 72 8 8 45 25 10 . 100 217 30 8 21 Gun 1302 | 4 56 18 78 156 168 12 14 . 62 52 142 72 8 8 45 25 10 . 100 215 30 6 21 Cannon 11 | . . . . . . 8 3 . . . . . . . . . . . . . . . . Launcher 12 | . . 2 . . . . 2 . 1 . 3 . . . . . . . . 2 . 2 . Special . | . . . . . . . . . . . . . . . . . . . . . . . . Kinetic 1293 | 2 56 18 78 156 168 12 14 . 62 52 142 72 8 8 45 25 10 . 100 215 30 6 14 Thermal 2 | 2 . . . . . . . . . . . . . . . . . . . . . . . Explosive 12 | . . 2 . . . . 2 . 1 . 3 . . . . . . . . 2 . 2 . Electromagnetic 11 | . . . . . . 8 3 . . . . . . . . . . . . . . . . Entropic 7 | . . . . . . . . . . . . . . . . . . . . . . . 7 Robot Hit Streak 30 | 2 8 13 18 9 11 10 9 . 11 13 9 12 4 9 13 14 7 . 12 30 9 2 14 Robot Miss Streak 6 | 1 2 2 3 3 4 1 2 . 6 4 4 3 1 . 1 2 1 . 3 3 1 3 2 Penetration Max 1 | . . . . . 1 . . . . . 1 1 . 1 1 . . . 1 1 1 . . Secondary Targets 32 | . 2 . . 3 2 . . . 2 2 5 1 . . . 1 1 . 6 6 1 . . Max Gunslinging Chain 3 | . 1 . . 1 1 . . . 1 1 1 1 . . . 1 1 . 3 2 1 . . Shots Hit Robots 925 | 2 40 16 51 100 120 16 13 . 45 35 115 56 7 5 31 19 9 1 59 143 20 3 19 Core Hits 489 | 2 21 7 21 39 61 8 7 . 24 26 91 38 3 5 12 8 3 1 27 66 10 4 5 Critical Hits 109 | . . . . . 4 . . . 2 3 7 10 . 1 11 6 3 . 14 39 3 . 6 Critical Kills 38 | . . . . . 1 . . . . . 2 4 . . 4 2 1 . 8 16 . . . Critical Parts Destroyed 57 | . . . . . 3 . . . 2 2 5 6 . 1 7 3 2 . 6 17 1 . 2 Melee Attacks 25 | . . . . . . 2 3 . 12 . 6 . . . . 1 . 1 . . . . . Impact . | . . . . . . . . . . . . . . . . . . . . . . . . Slashing 23 | . . . . . . 2 3 . 12 . 6 . . . . . . . . . . . . Piercing 2 | . . . . . . . . . . . . . . . . 1 . 1 . . . . . Sneak Attacks 6 | . . . . . . . . . . . 6 . . . . . . . . . . . . Combat Hostiles . | . . . . . . . . . . . . . . . . . . . . . . . . Follow-up Attacks . | . . . . . . . . . . . . . . . . . . . . . . . . Damage Inflicted 20259 | 21 531 250 503 1308 2225 395 623 . 895 468 3278 1372 188 230 928 433 274 143 1048 3710 499 335 602 Guns 17015 | 21 527 172 503 1308 2220 138 156 . 644 468 1981 1372 188 230 883 433 274 . 1048 3348 499 . 602 Cannons 217 | . . . . . . 192 25 . . . . . . . . . . . . . . . . Explosions 2283 | . . 65 . . . 65 442 . 251 . 718 . . . 45 . . . . 362 . 335 . Melee 689 | . . . . . . . . . . . 546 . . . . . . 143 . . . . . Ramming 55 | . 4 13 . . 5 . . . . . 33 . . . . . . . . . . . . Kinetic 16716 | 10 527 172 503 1308 2220 138 156 . 644 468 1981 1372 188 230 883 433 274 . 1048 3348 499 . 314 Thermal 156 | 11 . . . . . 65 . . . . . . . . 45 . . . . 35 . . . Explosive 2138 | . . 65 . . . . 442 . 251 . 718 . . . . . . . . 327 . 335 . Electromagnetic 217 | . . . . . . 192 25 . . . . . . . . . . . . . . . . Impact . | . . . . . . . . . . . . . . . . . . . . . . . . Slashing 546 | . . . . . . . . . . . 546 . . . . . . . . . . . . Piercing 143 | . . . . . . . . . . . . . . . . . . 143 . . . . . Entropic 288 | . . . . . . . . . . . . . . . . . . . . . . . 288 Highest Corruption 9 | . . . . . 1 1 1 1 1 6 7 . . . . . 1 1 . 3 . . 9 Average Corruption 2 | . . . . . 1 1 1 1 1 5 4 . . . . . 1 1 . 1 . . 5 Corruption Purged 13 | . . . . . . . . . . . 8 . . . . . . 1 . 3 . . 1 Effects 79 | . . . . . 1 3 1 . 7 13 38 . . . . . . . . 9 . . 7 Message Errors 15 | . . . . . . 1 . . 2 5 5 . . . . . . . . 2 . . . Matter Fused 13 | . . . . . . . . . . 2 8 . . . . . . . . 2 . . 1 Heat Flow Errors 7 | . . . . . . . . . . . 4 . . . . . . . . 1 . . 2 Energy Discharges 11 | . . . . . . 2 1 . 3 . 5 . . . . . . . . . . . . Data Loss (minor) 9 | . . . . . . . . . 1 3 4 . . . . . . . . . . . 1 Data Loss (major) 3 | . . . . . . . . . . 1 2 . . . . . . . . . . . . Misfires 3 | . . . . . . . . . . 1 2 . . . . . . . . . . . . Targeting Errors 16 | . . . . . 1 . . . 1 . 8 . . . . . . . . 4 . . 2 Weapon Failures 2 | . . . . . . . . . . 1 . . . . . . . . . . . . 1 Overload Shots . | . . . . . . . . . . . . . . . . . . . . . . . . Overflow Damage 120 | . . . . . . . 17 . . . 90 . . . . . . . . 13 . . . Projectiles . | . . . . . . . . . . . . . . . . . . . . . . . . Explosions 62 | . . . . . . . 17 . . . 32 . . . . . . . . 13 . . . Melee 58 | . . . . . . . . . . . 58 . . . . . . . . . . . . Knockbacks 1 | . . . . . . . . . . . 1 . . . . . . . . . . . . Impact 1 | . . . . . . . . . . . 1 . . . . . . . . . . . . Kinetic . | . . . . . . . . . . . . . . . . . . . . . . . . Secondary . | . . . . . . . . . . . . . . . . . . . . . . . . Self-Inflicted Damage 2 | . . . . . . . . . . . 2 . . . . . . . . . . . . Shots . | . . . . . . . . . . . . . . . . . . . . . . . . Rammed 5 | . 2 2 . . . . . . . . 1 . . . . . . . . . . . . Targets Rammed 9 | . 2 2 . . 1 . . . . . 4 . . . . . . . . . . . . Kicked 2 | . . . . . . . . . . . 2 . . . . . . . . . . . . Crushed 2 | . . . . . 1 . . . . . 1 . . . . . . . . . . . . Highest Temperature 267 | . 2 9 96 243 212 97 209 . 156 146 267 225 101 126 39 96 60 . 87 98 39 . 182 Average Temperature 55 | . 2 9 33 69 64 41 77 . 64 60 69 76 50 67 20 36 31 . 27 14 26 . 102 Received Heat Transfer 1685 | . 129 15 108 279 327 9 99 . 192 . 228 8 . 27 36 36 . . 30 81 27 . 54 Effects 2 | . . . . . . . . . . . . 2 . . . . . . . . . . . Interference 2 | . . . . . . . . . . . . 2 . . . . . . . . . . . Siege Activations 3 | . . . . . . . . . . . . . . . . . . . . 1 1 . 1 Total Turns 47 | . . . . . . . . . . . . . . . . . . . . 16 9 . 22 Longest Duration 22 | . . . . . . . . . . . . . . . . . . . . 16 9 . 22 Robots Corrupted . | . . . . . . . . . . . . . . . . . . . . . . . . Combat Hostiles . | . . . . . . . . . . . . . . . . . . . . . . . . Parts Fried 1 | . . . . . . 1 . . . . . . . . . . . . . . . . . Impact Corruptions . | . . . . . . . . . . . . . . . . . . . . . . . . Robots Melted . | . . . . . . . . . . . . . . . . . . . . . . . . Combat Hostiles . | . . . . . . . . . . . . . . . . . . . . . . . . Parts Melted . | . . . . . . . . . . . . . . . . . . . . . . . . Heat Transferred 175 | 25 . . . . . 50 . . . . . . . . 50 . . . . 50 . . . Parts Sabotaged . | . . . . . . . . . . . . . . . . . . . . . . . . Parts Stolen 1 | . . . . . . . 1 . . . . . . . . . . . . . . . . Parts Stripped . | . . . . . . . . . . . . . . . . . . . . . . . . Power Chain Reactions 1 | . . . . . . 1 . . . . . . . . . . . . . . . . . Missiles Intercepted . | . . . . . . . . . . . . . . . . . . . . . . . . Alert | -11 -10 -10 -9 -8 -7 -7 -7 -7 -6 -6 -6 -6 -6 -6 -5 -5 -5 -5 -4 -4 -4 -4 -4 ------- Run | Scr Mat Min Mat Mat Fac Low Low Dat Pro Fac Ext Cet Arc Hub Fac Upp Upp Zhi Pro Fac Upp Upp War Peak Influence 805 | 5 316 79 224 306 484 . . . . 179 351 720 370 151 361 . . . . 805 . . . Average Influence 190 | 2 150 38 94 195 194 . . . . 64 100 408 314 88 160 . . . . 495 . . . Maximum Alert Level 3 | . 1 . 1 1 2 . . . . . 1 3 1 . 1 . . . . 3 . . . Low Security (%) 62 | 100 71 100 86 53 56 . . . . 100 77 7 22 100 79 . . . . 15 . . . Level 1 25 | . 28 . 13 46 38 . . . . . 22 35 77 . 20 . . . . 13 . . . Level 2 9 | . . . . . 4 . . . . . . 46 . . . . . . . 59 . . . Level 3 1 | . . . . . . . . . . . . 9 . . . . . . . 11 . . . Level 4 . | . . . . . . . . . . . . . . . . . . . . . . . . Level 5 . | . . . . . . . . . . . . . . . . . . . . . . . . High Security . | . . . . . . . . . . . . . . . . . . . . . . . . Max Security . | . . . . . . . . . . . . . . . . . . . . . . . . Squads Dispatched 16 | . 1 . 1 1 5 . . . . . 3 1 . . 2 . . . . 2 . . . Investigation 4 | . . . 1 . 1 . . . . . 1 1 . . . . . . . . . . . Extermination 4 | . . . . . 2 . . . . . . . . . 1 . . . . 1 . . . Reinforcement 8 | . 1 . . 1 2 . . . . . 2 . . . 1 . . . . 1 . . . Assault . | . . . . . . . . . . . . . . . . . . . . . . . . Garrison . | . . . . . . . . . . . . . . . . . . . . . . . . Intercept . | . . . . . . . . . . . . . . . . . . . . . . . . Construction Impeded 3 | . . . . . 1 . . . . . 1 . . . . . . . . 1 . . . Haulers Reinforced 1 | . . . . . . . . . . . . . . . 1 . . . . . . . . Stealth | -11 -10 -10 -9 -8 -7 -7 -7 -7 -6 -6 -6 -6 -6 -6 -5 -5 -5 -5 -4 -4 -4 -4 -4 --------- Run | Scr Mat Min Mat Mat Fac Low Low Dat Pro Fac Ext Cet Arc Hub Fac Upp Upp Zhi Pro Fac Upp Upp War Distress Signals 9 | . 2 . . 1 1 . . . . . 1 2 . 1 . . . . . . . . 1 Communications Jammed . | . . . . . . . . . . . . . . . . . . . . . . . . Distress Signals . | . . . . . . . . . . . . . . . . . . . . . . . . Times Spotted 252 | . 21 5 10 22 27 5 5 . 20 7 32 19 1 7 4 4 2 . 18 29 3 4 7 Peak Tracking Total 8 | . 6 2 3 5 3 3 4 . 5 4 8 7 1 8 2 3 2 . 6 5 2 4 7 Tactical Retreats 17 | . 2 . 1 2 3 1 1 . 3 . 1 2 . . . . . . 1 . . . . Traps | -11 -10 -10 -9 -8 -7 -7 -7 -7 -6 -6 -6 -6 -6 -6 -5 -5 -5 -5 -4 -4 -4 -4 -4 ------- Run | Scr Mat Min Mat Mat Fac Low Low Dat Pro Fac Ext Cet Arc Hub Fac Upp Upp Zhi Pro Fac Upp Upp War Traps Triggered 10 | . . . 1 . 1 . . . . 2 3 . . . . . . . . 3 . . . Indirectly . | . . . . . . . . . . . . . . . . . . . . . . . . Trap Hack Attempts . | . . . . . . . . . . . . . . . . . . . . . . . . Triggered . | . . . . . . . . . . . . . . . . . . . . . . . . Disarmed . | . . . . . . . . . . . . . . . . . . . . . . . . Reprogrammed . | . . . . . . . . . . . . . . . . . . . . . . . . Reused . | . . . . . . . . . . . . . . . . . . . . . . . . Traps Extracted . | . . . . . . . . . . . . . . . . . . . . . . . . Installed . | . . . . . . . . . . . . . . . . . . . . . . . . Triggered 10 | . . . . . . . . . 1 . 1 . . . . . . . . . 1 . 7 Machines | -11 -10 -10 -9 -8 -7 -7 -7 -7 -6 -6 -6 -6 -6 -6 -5 -5 -5 -5 -4 -4 -4 -4 -4 ---------- Run | Scr Mat Min Mat Mat Fac Low Low Dat Pro Fac Ext Cet Arc Hub Fac Upp Upp Zhi Pro Fac Upp Upp War Machines Disabled 32 | . . 1 . 1 3 1 . . . 1 1 5 2 . 6 . . . . 10 . . 1 Max in Single Turn 5 | . . 1 . 1 1 1 . . . 1 1 2 1 . 5 . . . . 4 . . 1 Machines Sabotaged . | . . . . . . . . . . . . . . . . . . . . . . . . Garrisons Compromised . | . . . . . . . . . . . . . . . . . . . . . . . . Overloaded Fab Kills . | . . . . . . . . . . . . . . . . . . . . . . . . Fab Network Shutdowns . | . . . . . . . . . . . . . . . . . . . . . . . . Hacking | -11 -10 -10 -9 -8 -7 -7 -7 -7 -6 -6 -6 -6 -6 -6 -5 -5 -5 -5 -4 -4 -4 -4 -4 --------- Run | Scr Mat Min Mat Mat Fac Low Low Dat Pro Fac Ext Cet Arc Hub Fac Upp Upp Zhi Pro Fac Upp Upp War Machines Accessed 41 | . 3 . 4 2 4 . . 3 . 1 12 2 . . 1 . . 4 . 4 . . 1 Terminals 27 | . 3 . 3 2 2 . . . . 1 11 2 . . 1 . . . . 2 . . . Fabricators 2 | . . . . . 1 . . . . . . . . . . . . . . 1 . . . Repair Stations 4 | . . . 1 . 1 . . . . . 1 . . . . . . . . 1 . . . Recycling Units . | . . . . . . . . . . . . . . . . . . . . . . . . Scanalyzers . | . . . . . . . . . . . . . . . . . . . . . . . . Garrison Access . | . . . . . . . . . . . . . . . . . . . . . . . . Total Hacks 137 | . 10 . 18 8 10 . . 25 . 1 30 6 . . 2 . . 17 . 9 . . 1 Successful 96 | . 4 . 14 4 7 . . 25 . 1 18 2 . . 1 . . 17 . 2 . . 1 Failed 40 | . 6 . 4 4 3 . . . . . 12 3 . . 1 . . . . 7 . . . Catastrophic 4 | . . . . . 2 . . . . . 1 1 . . . . . . . . . . . Database Lockouts 1 | . . . . . . . . . . . . 1 . . . . . . . . . . . Manual 60 | . 8 . 8 6 . . . . . . 24 7 . . 2 . . . . 4 . . 1 Terminals 75 | . 10 . 10 8 3 . . . . 1 28 6 . . 2 . . . . 7 . . . Fabricators 4 | . . . . . 3 . . . . . . . . . . . . . . 1 . . . Repair Stations 15 | . . . 8 . 4 . . . . . 2 . . . . . . . . 1 . . . Recycling Units . | . . . . . . . . . . . . . . . . . . . . . . . . Scanalyzers . | . . . . . . . . . . . . . . . . . . . . . . . . Garrison Access . | . . . . . . . . . . . . . . . . . . . . . . . . Terminal Hacks 64 | . 3 . 3 3 . . . 25 . 1 7 2 . . . . . 17 . 2 . . 1 Record 11 | . . . . . . . . 6 . . . . . . . . . 5 . . . . . Part Schematic 15 | . . . 1 . . . . 9 . . 1 . . . . . . 4 . . . . . Robot Schematic 7 | . . . . . . . . 7 . . . . . . . . . . . . . . . Robot Analysis 13 | . 2 . 2 . . . . . . . 3 2 . . . . . 4 . . . . . Prototype ID Bank 9 | . 1 . . 1 . . . 3 . . . . . . . . . 4 . . . . . Open Door 2 | . . . . . . . . . . 1 . . . . . . . . . . . . 1 Branch Access Points 1 | . . . . . . . . . . . . . . . . . . . . 1 . . . Unreport Threat 2 | . . . . . . . . . . . 1 . . . . . . . . 1 . . . Recall Investigation 1 | . . . . . . . . . . . 1 . . . . . . . . . . . . Recall Reinforcements 1 | . . . . . . . . . . . 1 . . . . . . . . . . . . Zone Layout 2 | . . . . 2 . . . . . . . . . . . . . . . . . . . Fabricator Hacks 3 | . . . . . 3 . . . . . . . . . . . . . . . . . . Load Schematic 1 | . . . . . 1 . . . . . . . . . . . . . . . . . . Build 2 | . . . . . 2 . . . . . . . . . . . . . . . . . . Repair Station Hacks 14 | . . . 8 . 4 . . . . . 2 . . . . . . . . . . . . Scan Component 7 | . . . 4 . 2 . . . . . 1 . . . . . . . . . . . . Repair 7 | . . . 4 . 2 . . . . . 1 . . . . . . . . . . . . Recycling Unit Hacks . | . . . . . . . . . . . . . . . . . . . . . . . . Scanalyzer . | . . . . . . . . . . . . . . . . . . . . . . . . Garrison Access Hacks . | . . . . . . . . . . . . . . . . . . . . . . . . Unauthorized Hacks 41 | . 4 . 8 5 . . . . . . 20 1 . . 3 . . . . . . . . Terminals 15 | . 1 . 3 1 . . . . . . 9 . . . 1 . . . . . . . . Botnet 15 | . 1 . 3 1 . . . . . . 9 . . . 1 . . . . . . . . Fabricators . | . . . . . . . . . . . . . . . . . . . . . . . . Repair Stations . | . . . . . . . . . . . . . . . . . . . . . . . . Recycling Units . | . . . . . . . . . . . . . . . . . . . . . . . . Scanalyzers . | . . . . . . . . . . . . . . . . . . . . . . . . Garrison Access . | . . . . . . . . . . . . . . . . . . . . . . . . Data Cores Recovered 2 | . . . . . . . . . . . 2 . . . . . . . . . . . . Used . | . . . . . . . . . . . . . . . . . . . . . . . . Hacking Detections 29 | . 3 . 4 2 2 . . . . . 11 2 . . 1 . . . . 4 . . . Full Trace Events 1 | . . . . . . . . . . . 1 . . . . . . . . . . . . Feedback Events . | . . . . . . . . . . . . . . . . . . . . . . . . Feedback Blocked . | . . . . . . . . . . . . . . . . . . . . . . . . Robot Schematics Acquired 7 | . . . . . . . . 7 . . . . . . . . . . . . . . . Robots Built . | . . . . . . . . . . . . . . . . . . . . . . . . Matter . | . . . . . . . . . . . . . . . . . . . . . . . . Time . | . . . . . . . . . . . . . . . . . . . . . . . . Total Robot Build Rating . | . . . . . . . . . . . . . . . . . . . . . . . . Part Schematics Acquired 15 | . . . 1 . . . . 9 . . 1 . . . . . . 4 . . . . . Parts Built 2 | . . . . . 2 . . . . . . . . . . . . . . . . . . Matter 204 | . . . . . 204 . . . . . . . . . . . . . . . . . . Time 102 | . . . . . 102 . . . . . . . . . . . . . . . . . . Total Part Build Rating 2 | . . . . . 2 . . . . . . . . . . . . . . . . . . Parts Repaired 6 | . . . 4 . 1 . . . . . 1 . . . . . . . . . . . . Time 236 | . . . 110 . 82 . . . . . 44 . . . . . . . . . . . . Parts Recycled . | . . . . . . . . . . . . . . . . . . . . . . . . Recycled Matter . | . . . . . . . . . . . . . . . . . . . . . . . . Retrieved Matter . | . . . . . . . . . . . . . . . . . . . . . . . . Retrieved Components . | . . . . . . . . . . . . . . . . . . . . . . . . Parts Scanalyzed . | . . . . . . . . . . . . . . . . . . . . . . . . Part Schematics Acquired . | . . . . . . . . . . . . . . . . . . . . . . . . Parts Damaged . | . . . . . . . . . . . . . . . . . . . . . . . . Bothacking | -11 -10 -10 -9 -8 -7 -7 -7 -7 -6 -6 -6 -6 -6 -6 -5 -5 -5 -5 -4 -4 -4 -4 -4 ------------ Run | Scr Mat Min Mat Mat Fac Low Low Dat Pro Fac Ext Cet Arc Hub Fac Upp Upp Zhi Pro Fac Upp Upp War Used RIF Installer . | . . . . . . . . . . . . . . . . . . . . . . . . Robots Hacked . | . . . . . . . . . . . . . . . . . . . . . . . . Non-combat . | . . . . . . . . . . . . . . . . . . . . . . . . Combat . | . . . . . . . . . . . . . . . . . . . . . . . . Robot Hacks Applied . | . . . . . . . . . . . . . . . . . . . . . . . . Relay Couplers Released . | . . . . . . . . . . . . . . . . . . . . . . . . Robots Rewired 5 | . . . . . . . . . . . 5 . . . . . . . . . . . . Allies Hacked . | . . . . . . . . . . . . . . . . . . . . . . . . Hacks Repelled . | . . . . . . . . . . . . . . . . . . . . . . . . Allies | -11 -10 -10 -9 -8 -7 -7 -7 -7 -6 -6 -6 -6 -6 -6 -5 -5 -5 -5 -4 -4 -4 -4 -4 -------- Run | Scr Mat Min Mat Mat Fac Low Low Dat Pro Fac Ext Cet Arc Hub Fac Upp Upp Zhi Pro Fac Upp Upp War Total Allies 16 | . . 1 . . . . . . 1 . 9 5 . . . . . . . . . . . Largest Group 5 | . . 1 1 . . . . . 1 . 4 5 3 . . . . . . . . . . Highest-Rated Group 470 | . . 31 31 . . . . . 94 . 255 470 275 . . . . . . . . . . Highest-Rated Ally 156 | . . 31 31 . . . . . 94 . 156 156 94 . . . . . . . . . . Total Orders 1 | . . . . . . . . . . . . . 1 . . . . . . . . . . GOTO 1 | . . . . . . . . . . . . . 1 . . . . . . . . . . Ally Attacks 187 | . . 3 . . . . . . 15 . 84 66 19 . . . . . . . . . . Total Damage 4883 | . . 64 . . . . . . 508 . 1802 1759 750 . . . . . . . . . . Kills 26 | . . 1 . . . . . . 3 . 10 9 3 . . . . . . . . . . Allies Corrupted . | . . . . . . . . . . . . . . . . . . . . . . . . Allies Melted 1 | . . . . . . . . . . . 1 . . . . . . . . . . . . Intel | -11 -10 -10 -9 -8 -7 -7 -7 -7 -6 -6 -6 -6 -6 -6 -5 -5 -5 -5 -4 -4 -4 -4 -4 ------- Run | Scr Mat Min Mat Mat Fac Low Low Dat Pro Fac Ext Cet Arc Hub Fac Upp Upp Zhi Pro Fac Upp Upp War Robot Analysis Total 13 | . 2 . 2 . . . . . . . 3 2 . . . . . 4 . . . . . Derelict Logs Recovered 5 | . . 1 . . . . 1 . 1 . . . . . . . . . 1 . . 1 . Drone Launches . | . . . . . . . . . . . . . . . . . . . . . . . . Drone Recoveries . | . . . . . . . . . . . . . . . . . . . . . . . . Exploration | -11 -10 -10 -9 -8 -7 -7 -7 -7 -6 -6 -6 -6 -6 -6 -5 -5 -5 -5 -4 -4 -4 -4 -4 ------------- Run | Scr Mat Min Mat Mat Fac Low Low Dat Pro Fac Ext Cet Arc Hub Fac Upp Upp Zhi Pro Fac Upp Upp War Turns Passed 15020 | 89 587 923 498 679 1856 569 588 128 958 624 1874 464 519 57 295 586 292 408 444 1018 584 323 657 Spaces Moved 7373 | 45 301 311 183 335 1025 326 349 83 514 309 686 229 73 32 158 348 175 240 220 509 348 195 379 Core 2 | 2 . . . . . . . . . . . . . . . . . . . . . . . Treads 7030 | 43 301 311 183 335 1025 326 349 83 514 309 345 229 73 32 158 348 175 240 220 509 348 195 379 Legs 341 | . . . . . . . . . . . 341 . . . . . . . . . . . . Wheels . | . . . . . . . . . . . . . . . . . . . . . . . . Hover . | . . . . . . . . . . . . . . . . . . . . . . . . Flight . | . . . . . . . . . . . . . . . . . . . . . . . . Fastest Speed 50 | 50 160 160 160 150 148 155 155 155 155 178 150 160 160 160 160 160 160 160 160 160 160 160 160 Average Speed 159 | 155 160 160 160 152 150 159 155 155 165 180 158 160 160 160 160 160 160 160 160 160 160 160 160 Slowest Speed 210 | 160 160 160 160 155 175 175 175 155 178 183 210 160 160 160 160 160 160 160 160 180 160 160 160 Overloaded Moves . | . . . . . . . . . . . . . . . . . . . . . . . . Propulsion Burnouts . | . . . . . . . . . . . . . . . . . . . . . . . . Robots Hopped . | . . . . . . . . . . . . . . . . . . . . . . . . Cave-ins Triggered . | . . . . . . . . . . . . . . . . . . . . . . . . Teleports 1 | . . . . . . . . . . . . . . . . . . . . . . . 1 Exploration Rate (%) 44 | 4 56 58 19 28 36 59 65 69 62 9 88 69 68 5 6 57 41 60 40 16 55 46 58 Regions Visited 23 Branch Regions 16 Pre-discovered Areas 5 | . . . . . . . . 1 . . . . . . . . . 3 . . . 1 . Known Exits Taken 3 | . . . . . . . . . 1 . . . . . 1 . . . . 1 . . . Unknown Exits Taken 20 | 1 1 1 1 1 1 1 1 1 . 1 1 1 1 1 . 1 1 1 1 . 1 1 . Scrap Searched 9 | . . . . . . 1 1 . 3 . . . . . . 1 . . . . 1 2 . Spaces Dug 16 | . . . . . . . 3 . 12 . . . . . . 1 . . . . . . . Terrain Destroyed 370 | . . 11 . . . 2 39 . 31 1 7 5 . 2 28 17 2 . 44 146 11 24 . Melee 16 | . . . . . . . 3 . 12 . . . . . . 1 . . . . . . . Projectile 137 | . . . . . . . 1 . 5 1 2 5 . 2 3 16 2 . 44 43 11 2 . AOE 217 | . . 11 . . . 2 35 . 14 . 5 . . . 25 . . . . 103 . 22 . Actions | -11 -10 -10 -9 -8 -7 -7 -7 -7 -6 -6 -6 -6 -6 -6 -5 -5 -5 -5 -4 -4 -4 -4 -4 --------- Run | Scr Mat Min Mat Mat Fac Low Low Dat Pro Fac Ext Cet Arc Hub Fac Upp Upp Zhi Pro Fac Upp Upp War Total 9841 | 57 352 715 350 416 1246 354 370 82 561 347 1381 292 476 33 178 359 180 262 253 603 359 200 415 Wait 1571 | . . 386 115 6 95 2 1 . 3 . 535 9 391 . . . . . 6 9 5 . 8 Move 7350 | 44 300 310 182 334 1024 325 348 82 513 308 685 228 72 31 157 347 174 239 219 508 347 194 379 Hop . | . . . . . . . . . . . . . . . . . . . . . . . . Pick Up 108 | 4 9 2 10 9 24 2 . . 3 5 8 7 6 . 5 . . 2 . 9 . . 3 Fast Attach 64 | 7 1 . 7 2 4 . 1 . . 5 10 6 . . . . . 7 . 11 . . 3 Attach 36 | . . 2 1 2 6 1 . . 4 4 2 . . . 2 . . 2 . 5 . . 5 Detach 2 | . 1 . . . . . . . . . . . . . . . . . . 1 . . . Swap 136 | . 4 2 3 9 22 9 10 . 8 3 18 6 . . . 6 4 3 8 10 2 3 6 Drop 147 | . 7 . 12 15 28 2 . . 1 9 19 18 5 . 5 . . 8 . 12 . . 6 Fire 337 | 2 28 11 20 39 42 11 7 . 17 13 38 18 2 2 9 5 2 . 20 38 5 3 5 Melee 25 | . . . . . . 2 3 . 12 . 6 . . . . 1 . 1 . . . . . Ram . | . . . . . . . . . . . . . . . . . . . . . . . . Kick 3 | . . . . . . . . . . . 3 . . . . . . . . . . . . Crush 6 | . 2 2 . . 1 . . . . . 1 . . . . . . . . . . . . Escape Stasis 13 | . . . . . . . . . . . 13 . . . . . . . . . . . . Rewire 43 | . . . . . . . . . . . 43 . . . . . . . . . . . . Trap . | . . . . . . . . . . . . . . . . . . . . . . . . Miscellaneous . | . . . . . . . . . . . . . . . . . . . . . . . . Route ------- -11/Scrapyard -10/Materials -10/Mines (discovered 2 exits: *Mat x2) -9/Materials (discovered 2 exits: *Mat / Min) -8/Materials -7/Factory (discovered 3 exits: *Fac x2 / [*Low]) -7/Lower Caves -7/Lower Caves -7/Data Miner -6/Proximity Caves -6/Factory -6/Extension (discovered 2 exits: *Fac / *Cet) -6/Cetus (discovered 2 exits: *Fac / [*Arc]) -6/Archives (discovered 2 exits: [*Hub x2]) -6/Hub_04(d) -5/Factory -5/Upper Caves -5/Upper Caves -5/Zhirov -4/Proximity Caves -4/Factory (discovered 2 exits: *Upp x2) -4/Upper Caves -4/Upper Caves -4/Warlord (discovered 1 exit: [*Pro]) History --------- Turn | Location | Event 21 | -11/Scrapyard | Discovered new exit (range 15) 90 | -11/Scrapyard | Entered Materials 327 | -10/Materials | Build established: Mutant 551 | -10/Materials | Discovered new exit (range 9) 677 | -10/Materials | Entered Mines 678 | -10/Mines | Assembled infested the area 1277 | -10/Mines | Learned 4 Materials zone layouts 1299 | -10/Mines | Received a Rocket Launcher from a helpful Derelict 1415 | -10/Mines | Received a Mining Laser from a helpful Derelict 1557 | -10/Mines | Discovered new exit (range 4) 1568 | -10/Mines | Discovered new exit (range 8) 1600 | -10/Mines | Entered Materials 1600 | -9/Materials | Accompanied by 1 ally 1600 | -9/Materials | Evolved 2 slots: Weapon x2 1601 | -9/Materials | Identified exit to Mines 1902 | -9/Materials | Discovered new exit (range 15) 1994 | -9/Materials | Repaired Hvy. Assault Rifle 2022 | -9/Materials | Repaired Lgt. Assault Rifle 2043 | -9/Materials | Build established: Scavenger-Gunner 2049 | -9/Materials | Repaired Assault Rifle 2077 | -9/Materials | Repaired Lgt. Assault Rifle 2098 | -9/Materials | Entered another Materials area 2098 | -8/Materials | Evolved 2 slots: Propulsion x1, Utility x1 2412 | -8/Materials | Build established: Scavenger-Tank 2503 | -8/Materials | Discovered new exit (range 16) 2777 | -8/Materials | Entered Factory 2777 | -7/Factory | Evolved 2 slots: Propulsion x1, Utility x1 2842 | -7/Factory | Fabricated Hcp. Storage Unit? 2951 | -7/Factory | Fabricated Hcp. Storage Unit? 3075 | -7/Factory | Build established: Scavenger-Gunner 3213 | -7/Factory | Discovered new exit (range 9) 3238 | -7/Factory | Identified exit to Factory 3796 | -7/Factory | Repaired Flak Gun 3817 | -7/Factory | Build established: Hauler-Tank 4204 | -7/Factory | Discovered exit to Factory (range 5) 4591 | -7/Factory | Build established: Hauler-Gunner 4607 | -7/Factory | Discovered new exit (range 4) 4633 | -7/Factory | Entered Lower Caves 4717 | -7/Lower Caves | Found Alien Artifact 4997 | -7/Lower Caves | Build established: Hauler-Mutant 5177 | -7/Lower Caves | Discovered new exit (range 14) 5202 | -7/Lower Caves | Entered another Lower Caves area 5234 | -7/Lower Caves | Prc. Assault Rifle stolen by Master Thief 5530 | -7/Lower Caves | Build established: Hauler-Gunner 5658 | -7/Lower Caves | Learned Factory interactive machine intel 5773 | -7/Lower Caves | Discovered new exit (range 11) 5790 | -7/Lower Caves | Entered Data Miner 5790 | -7/Data Miner | Discovered new exit (range 6) 5820 | -7/Data Miner | Met Data Miner 5854 | -7/Data Miner | Learned location of Section 7 (-2) 5854 | -7/Data Miner | Acquired the access code to Warlord's prototype stash 5873 | -7/Data Miner | Build established: Hauler-Mutant 5874 | -7/Data Miner | Received God Mode back door access code from Data Miner 5918 | -7/Data Miner | Entered Proximity Caves 6022 | -6/Proximity Caves | Attracted the attention of an 0b10 checkpoint 6023 | -6/Proximity Caves | Escorted by Enhanced Grunt 6402 | -6/Proximity Caves | Spotted B-75 Beast 6533 | -6/Proximity Caves | Build established: Hauler-Gunner 6860 | -6/Proximity Caves | Discovered exit to Factory (range 11) 6874 | -6/Proximity Caves | Attracted the attention of an 0b10 outpost 6876 | -6/Proximity Caves | Entered Factory 6876 | -6/Factory | Evolved 2 slots: Utility x2 6877 | -6/Factory | Loaded intel: 48 interactive machine locations 7489 | -6/Factory | Build established: Scavenger-Gunner 7495 | -6/Factory | Discovered new exit (range 5) 7500 | -6/Factory | Entered Extension 7975 | -6/Extension | Disrupted transfer network 7986 | -6/Extension | Rescued A7 8041 | -6/Extension | Repaired Gauss Rifle 8845 | -6/Extension | Spotted B-75 Beast 8865 | -6/Extension | Allies destroyed B-75 Beast 8875 | -6/Extension | Spotted B-75 Beast 8905 | -6/Extension | Allies destroyed B-75 Beast 8945 | -6/Extension | Destroyed 9 combat bots 9002 | -6/Extension | Rescued a captive Derelict 9003 | -6/Extension | Rescued a captive Derelict 9142 | -6/Extension | Rescued a captive Derelict 9159 | -6/Extension | Incoming investigation squad redirected 9308 | -6/Extension | Discovered new exit (range 10) 9310 | -6/Extension | Discovered new exit (range 6) 9374 | -6/Extension | Entered Cetus 9374 | -6/Cetus | Accompanied by 3 allies 9379 | -6/Cetus | Acquired a Cetus Manufacturing Module code from A7 9396 | -6/Cetus | Spotted Cetus Guard 9396 | -6/Cetus | Spotted Cetus Guard 9401 | -6/Cetus | Spotted Cetus Guard 9405 | -6/Cetus | Spotted Cetus Guard 9408 | -6/Cetus | Allies destroyed Cetus Guard 9409 | -6/Cetus | Allies destroyed Cetus Guard 9414 | -6/Cetus | Destroyed Cetus Guard 9420 | -6/Cetus | Destroyed Cetus Guard 9541 | -6/Cetus | Started Cetus Manufacturing Module 9566 | -6/Cetus | Manufactured an Enhanced Grunt 9579 | -6/Cetus | Extracted ID and sensor layout for unrecognized location from A7's data core 9591 | -6/Cetus | Manufactured an Enhanced Grunt 9616 | -6/Cetus | Manufactured an Enhanced Grunt 9628 | -6/Cetus | Central database locked down 9641 | -6/Cetus | Manufactured an Enhanced Grunt 9666 | -6/Cetus | Manufactured an Enhanced Grunt 9684 | -6/Cetus | Discovered new exit (range 15) 9712 | -6/Cetus | Spotted Cetus Guard 9713 | -6/Cetus | Spotted Cetus Guard 9716 | -6/Cetus | Spotted Cetus Guard 9716 | -6/Cetus | Destroyed Cetus Guard 9717 | -6/Cetus | Spotted Cetus Guard 9720 | -6/Cetus | Destroyed Cetus Guard 9724 | -6/Cetus | Allies destroyed Cetus Guard 9728 | -6/Cetus | Destroyed Cetus Guard 9739 | -6/Cetus | Discovered new exit (range 15) 9751 | -6/Cetus | Met Revision 17 9838 | -6/Cetus | Entered Archives 9838 | -6/Archives | Accompanied by 3 allies 9934 | -6/Archives | Discovered new exit (range 14) 9956 | -6/Archives | Discovered new exit (range 16) 10357 | -6/Archives | Entered Hub_04(d) 10357 | -6/Hub_04(d) | Discovered new exit (range 10) 10414 | -6/Hub_04(d) | Entered Factory 10414 | -5/Factory | Evolved 2 slots: Utility x1, Weapon x1 10415 | -5/Factory | Identified exit to Upper Caves 10709 | -5/Factory | Entered Upper Caves 11159 | -5/Upper Caves | Attracted the attention of an 0b10 checkpoint 11285 | -5/Upper Caves | Discovered new exit (range 5) 11295 | -5/Upper Caves | Entered another Upper Caves area 11573 | -5/Upper Caves | Discovered new exit (range 10) 11587 | -5/Upper Caves | Entered Zhirov 11587 | -5/Zhirov | Discovered new exit (range 3) 11616 | -5/Zhirov | Met Zhirov 11647 | -5/Zhirov | Learned location of Quarantine (-2) 11647 | -5/Zhirov | Learned location of Testing (-3) 11647 | -5/Zhirov | Learned location of Command (-1) 11663 | -5/Zhirov | Zhirov requested help retrieving the SGEMP Prototype 11687 | -5/Zhirov | Found Alien Artifact 11687 | -5/Zhirov | Identified Integrated Reactor 11687 | -5/Zhirov | Installed Integrated Reactor, increased core energy generation (+2%) 11779 | -5/Zhirov | Found Alien Artifact 11995 | -5/Zhirov | Entered Proximity Caves 12105 | -4/Proximity Caves | Learned Research garrison access intel 12344 | -4/Proximity Caves | Destroyed 8 combat bots 12382 | -4/Proximity Caves | Attracted the attention of an 0b10 checkpoint 12426 | -4/Proximity Caves | Discovered new exit (range 9) 12439 | -4/Proximity Caves | Entered Factory 12439 | -4/Factory | Evolved 2 slots: Utility x1, Weapon x1 12737 | -4/Factory | Build established: Scavenger-Executioner 13030 | -4/Factory | Identified exit to Upper Caves 13457 | -4/Factory | Entered Upper Caves 13921 | -4/Upper Caves | Spotted B-86 Titan 13932 | -4/Upper Caves | Destroyed B-86 Titan 14013 | -4/Upper Caves | Discovered new exit (range 11) 14041 | -4/Upper Caves | Entered another Upper Caves area 14356 | -4/Upper Caves | Discovered new exit (range 5) 14364 | -4/Upper Caves | Entered Warlord 14406 | -4/Warlord | Discovered new exit (range 14) 14428 | -4/Warlord | Identified Dimensional Node Initializer 14428 | -4/Warlord | Initialized slip node 14485 | -4/Warlord | System corruption cleaned by Quarantine Array 14649 | -4/Warlord | Visited the Vortex Lab 14651 | -4/Warlord | Warlord's base attacked by MAIN.C 14656 | -4/Warlord | Found Prototype Energy Gun 14656 | -4/Warlord | Identified Vortex Rifle 14659 | -4/Warlord | Found Vortex Rifle 14927 | -4/Warlord | Met Warlord 14948 | -4/Warlord | Opened Warlord's prototype stash 14962 | -4/Warlord | Found Prototype Device 14962 | -4/Warlord | Identified Exp. Focal Shield 15001 | -4/Warlord | Warlord forces counterattacked 15001 | -4/Warlord | Attacked by Warlord forces 15006 | -4/Warlord | Spotted A3-9O5(K) 15006 | -4/Warlord | Spotted I1-IGV(K) 15020 | -4/Warlord | Identified Transdimensional Reconstructor 15020 | -4/Warlord | Warped through subspace to slip node 15021 | -4/Warlord | Self-destructed Last Messages --------------- 15010_ Penetrated by HV Slug. 15010_ HV Slug penetrates Machine. 15010_ HV Slug penetrates Reinforced Barrier. 15011_ Vortex Rifle destroyed. 15012_ Slug penetrates Warlord. 15012_ Warlord suffers critical hit. 15012_ Destroyed Arm. Heavy Treads. 15012_ System corrupted: KE Penetrator targeting data glitched. 15012_ Slug penetrates Warlord. 15014_ Penetrated by HV Slug. 15014_ KE Penetrator destroyed. 15017_ System corrupted: Vortex Rifle failed to cycle. 15017_ Slug penetrates Warlord. 15017_ Warlord suffers critical hit. 15017_ Slug penetrates Warlord. 15017_ Penetrated by HV Slug. 15017_ HV Slug penetrates Machine. 15017_ HV Slug penetrates Reinforced Barrier. 15020_ Identified Transdimensional Reconstructor. 15020_ Warped through subspace, drawn to slip node. Map ----- +----------------------------------------------------+ | | | | | | | | | | | | | | | | | | | | | | | | | ?????????????????????????????????? | | ?????????????????????????????????? | | ?????????????????????????????????? | | ?????????????????????????????????? | | ?????????????????????????????????? | | ?????????????????????????????????? | | ?????????????????????????????????? | | ?????????????????????????????????? | | ?????????????????????????????????? | | ?????????????????????????????????? | | ?????????????????????????????????? | | ?????????????????????????????????? | | ????????????????????????#####????? | | ???????????????????????##@ ###??? | | ??????????????????????## ##?? | | ?????????????????????## < #?? | | ?????????????????????# #?? | | ?????????????????????# ##?? | | ?????????????????????# ##??? | | ?????????????????????## #???? | | ?????????????? ???????## ##???? | | ??????????????# ?????### ##????? | | ??????????????# ##### ##????? | | ??????????????# ###?? | | ???????????????# ### ### #?? | | ????????????????# ##?? #? | | ????????????????### ##?? #? | | ??????????????????# #?? ##? | | #?????????????????## ##? #?? | | #??????????????????## #?# ##? | | #####???????????????## ##?# #? | | "############?????## ### ##? | | """"""""""""#??????## # ##?? | | """"""""""""#?####?## #???? | | ### ### ##??? | | ^+ ## #??? | | + #### #??? | | ^ #### ##??# #??? | +----------------------------------------------------+ Best States ------------- Heat Dissipation 74 Energy Generation 35 Energy Capacity 350 Matter Stores 300 Matter Capacity 300 Sight Range 16 Robot Scan Range 20 Terrain Scan Density 10 Additional Mass Support 12 Armor Coverage 900 Resistance: KI 30 Weapon Shielding 90 Evasion (%) 40 Targeting Accuracy 8 Target Analysis 6 Core Analysis 6 Recoil Reduction 6 Kinecelleration 30 Item Schematics ----------------- Hcp. Storage Unit | -9/Materials | Hacked Combat Drone Bay | -7/Data Miner | Free Lgt. Regenerative Plating | -7/Data Miner | Free Cmb. Gravmag System | -7/Data Miner | Free Exp. Cesium-ion Thruster | -7/Data Miner | Free Exp. Terrain Scan Processor | -7/Data Miner | Free Exp. Targeting Computer | -7/Data Miner | Free Mni. Smartbomb Launcher | -7/Data Miner | Free Exp. Transmission Jammer | -7/Data Miner | Free Kinetic Spear | -7/Data Miner | Free Imp. Powered Armor | -6/Extension | Hacked Assault Drone Bay | -5/Zhirov | Free Exp. Heat Sink | -5/Zhirov | Free Exp. Optical Array | -5/Zhirov | Free Imp. Arc Thrower | -5/Zhirov | Free Robot Schematics ------------------ S-27 Virus | -7/Data Miner | Free G-50 Soldier | -7/Data Miner | Free G-67 Veteran | -7/Data Miner | Free L-41 Fighter | -7/Data Miner | Free P-70 Sage | -7/Data Miner | Free X-72 Disruptor | -7/Data Miner | Free I-36 Angel | -7/Data Miner | Free Fabricated ------------ Hcp. Storage Unit | x1 | -7/Factory Hcp. Storage Unit | x1 | -7/Factory Alien Tech Used ----------------- Integrated Reactor Dimensional Node Initializer Transdimensional Reconstructor Achievements -------------- None Challenges ------------ None Game ------ Seed SpectralStasisSword Manual? 0 Play Time 01:15:43 Cumulative 441.1 hours Start 2020.02.08 @ 15:01:09 End 2020.02.08 @ 16:14:14 Sessions 1 Manual Loads 0 Difficulty Rogue Special Mode None Game No. 765 Rogue 765 Adventurer 0 Explorer 0 Win Type - Total 33 Types 24/0/4/4/1/0/0 Lore% 93 Gallery% 92 Achievement% 80 Wizard Run 0 Options --------- ASCII 1 Keyboard 0 Movement Numpad Keybinds 0 Fullscreen 0 Font 14/SmallcapsGlow Map View 76x50 Tactical HUD 1 Map Filters NONE Filters NONE Steam 1 RUN: 61fa0551-acd4-4db2-84a9-df7667766bca